 Dungeon Crawl Stone Soup version 0.18.1-48-g4cf74bf (webtiles) character file.

13073 loralnil the Blocker (level 11, -3/90 HPs)
             Began as a Minotaur Fighter on Sept 13, 2016.
             Was a Believer of Okawaru.
             Slain by a white ugly thing (18 damage)
             ... on level 11 of the Dungeon.
             The game lasted 00:27:02 (8088 turns).

loralnil the Blocker (Minotaur Fighter)             Turns: 8088, Time: 00:27:03

Health: -3/90      AC: 19    Str: 27    XL:     11   Next: 70%
Magic:  8/8        EV: 10    Int:  5    God:    Okawaru [**....]
Gold:   577        SH: 15    Dex: 11    Spells: 0 memorised, 10 levels left

rFire  . . .     SeeInvis .     a - +0 long sword
rCold  . . .     Gourm    .     z - +3 chain mail of the Ego {rElec MR+ Str+4}
rNeg   . . .     Faith    .     g - +2 shield
rPois  .         Spirit   .     (helmet restricted)
rElec  +         Dismiss  +     v - +0 cloak
rCorr  .         Reflect  .     (no gloves)
SustAt +         Harm     .     t - +2 pair of boots
MR     +....     Clarity  +     h - amulet of dismissal
Stlth  ..........               E - ring of loudness (curse)
                                d - ring of sustain attributes

@: somewhat resistant to hostile enchantments, extremely unstealthy
A: retaliatory headbutt, horns 2, clarity, frail 1, low mp 1, screaming 1
a: Heroism, Renounce Religion


You were on level 11 of the Dungeon.
You worshipped Okawaru.
Okawaru was pleased with you.
You were not hungry.

You visited 2 branches of the dungeon, and saw 12 of its levels.

You collected 577 gold pieces.

Inventory:

Hand Weapons
 a - a +0 long sword (weapon)
Armour
 g - a +2 shield (worn)
 t - a +2 pair of boots (worn)
 v - a +0 cloak (worn)
 z - the +3 chain mail of the Ego (worn) {rElec MR+ Str+4}
   (You found it on level 10 of the Dungeon)

   It affects your strength (+4).
   It insulates you from electricity.
   It affects your resistance to hostile enchantments.
Jewellery
 d - a ring of sustain attributes (left hand)
 h - an amulet of dismissal (around neck)
 E - a cursed ring of loudness (right hand)
Wands
 b - a wand of disintegration (7/24)
 m - a wand of flame (17/48)
 r - a wand of confusion (18/48)
 y - a wand of slowing (31/48)
Scrolls
 c - 4 scrolls of teleportation
 k - 2 scrolls of immolation
 u - a scroll of fog
 w - a scroll of noise
 B - a scroll of torment {unknown}
 D - a scroll of recharging {unknown}
Potions
 e - 2 potions of lignification
 j - a potion of berserk rage
 l - a potion of curing
 p - 2 potions of mutation
 q - a potion of ambrosia {unknown}
 x - a potion of cancellation
 A - 2 potions of haste
 C - a potion of flight
Comestibles
 f - 7 bread rations
 i - 4 beef jerkies
 n - 10 slices of pizza
 o - 4 royal jellies
 s - 4 meat rations


   Skills:
 + Level 10.3 Fighting
 + Level 11.5 Long Blades
 + Level 10.6 Armour
 + Level 4.3 Dodging
 + Level 1.2 Stealth
 + Level 12.1 Shields


You had 10 spell levels left.
You didn't know any spells.

Dungeon Overview and Level Annotations

Branches:
Dungeon (11/15)            Temple (1/1) D:7            Lair (0/8) D:8
    Orc (0/2) D:10

Altars:
Ashenzari
Cheibriados
Dithmenos
Gozag
Kikubaaqudgha
Makhleb
Nemelex Xobeh
Okawaru
Pakellas
Qazlal
Ru
Trog
Vehumet
Xom
Yredelemnul
Zin
The Shining One


Innate Abilities, Weirdness & Mutations

You reflexively headbutt those who attack you in melee.
You have a pair of horns on your head.
You possess an exceptional clarity of mind.
You are frail (-10% HP).
Your magical capacity is low (-10% MP).
You occasionally shout uncontrollably at your foes.


Message History

The white ugly thing is severely wounded.
The white ugly thing bites you! The white ugly thing freezes you!!
* * * LOW HITPOINT WARNING * * *
You hit the white ugly thing.
The white ugly thing is severely wounded.
The white ugly thing bites you but does no damage.
You closely miss the white ugly thing.
The white ugly thing is severely wounded.
The white ugly thing closely misses you.
Drink which item? (? for menu, Esc to quit)
You feel better.
You block the white ugly thing's attack.
You slash the white ugly thing! You headbutt the white ugly thing.
The white ugly thing is almost dead.
You closely miss the white ugly thing.
The white ugly thing is almost dead.
The white ugly thing bites you!
* * * LOW HITPOINT WARNING * * *
The white ugly thing freezes you!!
You die...

#......# #####......#
#..........#
#..........#####
#...............
#...............
#...............
#.......@u......
#......#+#####......#
#......# #......#
#......# #......#
#......# #......#
#......# #......#####
#......#######........<..
#........................
#........................


You could see a white ugly thing.

Vanquished Creatures
  A centaur zombie (D:9)
  The ghost of Mesmaeker13 the Conjurer, a novice HECj (D:4)
  Grinder (D:3)
  A vampire (D:10)
  10 yaks
  A wraith (D:11)
  A human (D:7)
  Menkaure (D:7)
  2 orc warriors
  3 ice beasts
  3 sky beasts
  A black bear (D:4)
  A necrophage (D:10)
  2 ogres
  3 phantoms
  3 centaurs
  A crocodile (D:10)
  4 giant frogs
  2 scorpions
  10 killer bees
  A giant frog zombie (D:6)
  2 quasits (D:7)
  2 crimson imps
  4 hounds
  5 jellies
  7 orc wizards
  3 orc priests
  2 centaur skeletons (D:4)
  An iguana (D:10)
  12 worker ants
  4 sheep (D:7)
  15 gnolls
  10 adders
  A shadow imp (D:9)
  An ooze (D:1)
  An adder skeleton (D:10)
  2 worms
  2 dart slugs
  3 giant geckos
  32 orcs
  2 giant cockroaches
  7 goblins
  7 hobgoblins
  14 jackals
  6 kobolds
  A quokka (D:7)
  8 bats
  3 giant newts
  A quokka skeleton (D:5)
  A quokka zombie (D:8)
  7 rats
  A plant (D:3)
220 creatures vanquished.

Vanquished Creatures (others)
  3 plants (D:3)
3 creatures vanquished.

Grand Total: 223 creatures vanquished

Notes
Turn   | Place    | Note
--------------------------------------------------------------
     0 | D:1      | loralnil the Minotaur Fighter began the quest for the Orb.
     0 | D:1      | Reached XP level 1. HP: 19/19 MP: 0/0
   147 | D:1      | Reached XP level 2. HP: 24/27 MP: 1/1
   349 | D:1      | Reached skill level 4 in Shields
   477 | D:1      | Reached XP level 3. HP: 33/33 MP: 2/2
   662 | D:2      | Found a radiant altar of Vehumet.
   663 | D:2      | Found a snail-covered altar of Cheibriados.
   667 | D:2      | Found a shimmering altar of Xom.
   671 | D:2      | Found a sacrificial altar of Ru.
   799 | D:2      | Found an oddly glowing altar of Pakellas.
   987 | D:2      | Found an ancient bone altar of Kikubaaqudgha.
   988 | D:2      | Found a shattered altar of Ashenzari.
  1223 | D:2      | Reached XP level 4. HP: 39/40 MP: 3/3
  1346 | D:3      | Reached skill level 1 in Dodging
  1436 | D:3      | Noticed Grinder
  1516 | D:3      | Paralysed by Grinder for 2 turns
  1520 | D:3      | Paralysed by Grinder for 3 turns
  1524 | D:3      | Killed Grinder
  1524 | D:3      | Reached skill level 5 in Shields
  1524 | D:3      | Reached XP level 5. HP: 21/47 MP: 4/4
  1524 | D:3      | Reached XP level 6. HP: 24/55 MP: 5/5
  2253 | D:4      | Reached skill level 5 in Fighting
  2780 | D:4      | Reached skill level 5 in Armour
  2780 | D:4      | Reached skill level 6 in Shields
  2780 | D:4      | Reached XP level 7. HP: 49/61 MP: 6/6
  2828 | D:4      | Noticed Mesmaeker13's ghost (novice HECj)
  2843 | D:4      | HP: 2/61 [Mesmaeker13's ghost/orb of energy (17)]
  2847 | D:4      | Killed Mesmaeker13's ghost
  2847 | D:4      | Reached skill level 5 in Long Blades
  3169 | D:5      | Entered Level 5 of the Dungeon
  3174 | D:5      | Reached XP level 8. HP: 70/70 MP: 7/7
  3178 | D:5      | Gained mutation: You are frail (-10% HP). [mutagenic meat]
  3270 | D:5      | Reached skill level 7 in Shields
  3336 | D:5      | Gained mutation: Your magical capacity is low (-10% MP). [potion of mutation]
  3336 | D:5      | Gained mutation: You possess an exceptional clarity of mind. [potion of mutation]
  3336 | D:5      | Gained mutation: You occasionally shout uncontrollably at your foes. [potion of mutation]
  3764 | D:6      | Found a basalt altar of Yredelemnul.
  3786 | D:6      | Noticed a profane servitor
  3797 | D:6      | Found a glowing golden altar of the Shining One.
  3799 | D:6      | Noticed an angel
  3853 | D:6      | Reached skill level 1 in Stealth
  4192 | D:6      | Reached skill level 8 in Shields
  4393 | D:6      | Reached XP level 9. HP: 68/70 MP: 7/7
  4720 | D:7      | Reached skill level 9 in Shields
  4863 | D:7      | Noticed Menkaure
  4876 | D:7      | Killed Menkaure
  4929 | D:7      | Found a sparkling altar of Nemelex Xobeh.
  5482 | D:7      | Found a staircase to the Ecumenical Temple.
  5487 | Temple   | Entered the Ecumenical Temple
  5509 | Temple   | Became a worshipper of Warmaster Okawaru
  5785 | D:8      | Found a staircase to the Lair.
  6606 | D:9      | Reached skill level 10 in Shields
  6606 | D:9      | Reached XP level 10. HP: 77/79 MP: 8/8
  6758 | D:9      | Reached * piety under Okawaru
  7389 | D:10     | Entered Level 10 of the Dungeon
  7397 | D:10     | Got a twisted chain mail
  7408 | D:10     | Identified the +3 chain mail of the Ego {rElec MR+ Str+4} (You found it on level 10 of the Dungeon)
  7481 | D:10     | Reached ** piety under Okawaru
  7489 | D:10     | Reached skill level 10 in Long Blades
  7517 | D:10     | Found a radiant altar of Vehumet.
  7598 | D:10     | Reached skill level 11 in Shields
  7664 | D:10     | Reached skill level 10 in Fighting
  7664 | D:10     | Reached skill level 10 in Armour
  7664 | D:10     | Reached skill level 12 in Shields
  7664 | D:10     | Reached XP level 11. HP: 55/90 MP: 8/8
  7920 | D:10     | Found a staircase to the Orcish Mines.
  8075 | D:11     | Noticed a white ugly thing
  8088 | D:11     | Slain by a white ugly thing

Skill      XL: |  1  2  3  4  5  6  7  8  9 10 |
---------------+-------------------------------+-----
Fighting       | 4 5 6 8 10 | 10.3
Shields        | 4 5 6 8 10 12 | 12.1
Long Blades    | 3 4 5 7 9 11 | 11.5
Armour         | 4 5 6 7 8 10 | 10.6
Dodging        | 2 3 4 |  4.3
Stealth        | 1 |  1.2

Action                   |  1- 3 |  4- 6 |  7- 9 | 10-12 || total
-------------------------+-------+-------+-------+-------++-------
Melee: Long sword        |   101 |   164 |   397 |   212 ||   874
       Headbutt          |     8 |    29 |    71 |    59 ||   167
  Use: Scroll            |     2 |     3 |     9 |     3 ||    17
       Potion            |       |     1 |     8 |     2 ||    11
  Eat: Chunk             |     1 |     5 |    15 |     4 ||    25
       Beef jerky        |       |       |       |     1 ||     1
Armor: Scale mail        |    53 |    11 |       |       ||    64
       Plate armour      |       |    56 |   162 |    36 ||   254
       Chain mail        |       |       |       |    34 ||    34
Dodge: Dodged            |    41 |    37 |    82 |    37 ||   197
Block: Shield            |    62 |   100 |   264 |   108 ||   534
